 Dungeon Crawl Stone Soup version 0.27-a0-1532-gca18f49f40 (webtiles) character file.

Game seed: 3902171692585339412

137 Sin92 the Skirmisher (level 5, 0/36 (41) HPs)
             Began as a Demonspawn Fighter on July 12, 2021.
             Slain by Terence (3 damage)
             ... on level 3 of the Dungeon.
             The game lasted 00:01:39 (1941 turns).

Sin92 the Skirmisher (Demonspawn Fighter)           Turns: 1941, Time: 00:01:39

HP:   0/36 (41)     AC:  8    Str: 18    XL:     5   Next: 0%
MP:   5/5           EV:  7    Int: 21    God:
Gold: 141           SH:  9    Dex: 12    Spells: 4/4 levels left

rFire    . . .     SeeInvis .   a - +0 war axe
rCold    . . .     Faith    .   c - +0 kite shield
rNeg     . . .     Spirit   .   b - +0 scale mail
rPois    .         Reflect  .   (helmet restricted)
rElec    .         Harm     .   (no cloak)
rCorr    .         Rampage  .   (no gloves)
Will     .....                  (no boots)
Stlth    ..........             (no amulet)
HPRegen  0.12/turn              f - +6 ring of intelligence
MPRegen  0.09/turn              k - +6 ring of intelligence

@: mighty, heavily drained
A: horns 1, icy blue scales 1, spiny 1
a: no special abilities


You were on level 3 of the Dungeon.
You visited 1 branch of the dungeon, and saw 3 of its levels.

You collected 141 gold pieces.

Inventory:

Hand Weapons
 a - a +0 war axe (weapon)
Armour
 b - a +0 scale mail (worn)
 c - a +0 kite shield (worn)
Jewellery
 f - a +6 ring of intelligence (left hand)
 k - a +6 ring of intelligence (right hand)
Potions
 e - a potion of degeneration {unknown}
 g - a potion of curing {unknown}
 l - a potion of heal wounds {unknown}
 m - a potion of brilliance {unknown}


   Skills:
 + Level 3.6 Fighting
 * Level 3.1 Axes
 + Level 3.2 Armour
 + Level 1.2 Dodging
 + Level 3.2 Shields


You had 4 spell levels left.
You didn't know any spells.
Your spell library was empty.

Dungeon Overview and Level Annotations

Branches:
Dungeon (3/15)

Altars:

Annotations:
D:3 Terence


Innate Abilities, Weirdness & Mutations

You have a pair of small horns on your head.
You are partially covered in icy blue scales. (AC +2)
You are partially covered in sharp spines.


Message History

Natasha casts a spell at you. You resist with some effort.
You barely miss Natasha.
Natasha is moderately wounded.
Your shield and scale mail prevent you from hitting Terence.
You block Terence's attack.
Natasha mumbles some strange words.
Terence hits you with a +2 falchion of draining.
You feel drained.
* * * LOW HITPOINT WARNING * * *
You slash Natasha! Your headbutt misses Natasha.
Natasha is almost dead.
You hit Terence.
Natasha mumbles some strange words.
You block Terence's attack.
Natasha casts a spell.
Unknown command.
You slash Natasha!
You kill Natasha!
Natasha growls in agony!
The iron imp disappears in a puff of smoke!
The crimson imp disappears in a puff of smoke!
The shadow imp disappears in a puff of smoke!
You hit Terence. Terence hits you but does no damage.
You feel drained.
Terence hits you with a +2 falchion of draining.
* * * LOW HITPOINT WARNING * * *
You feel drained.
* * * LOW HITPOINT WARNING * * *
The ball python is struck by your spines.
You kill the ball python!
You have reached level 5!
You closely miss Terence.
Terence is heavily wounded.
Terence hits you but does no damage.
You feel drained. You block Terence's attack.
Unknown command.
You barely miss Terence. You headbutt Terence!
Terence is almost dead.
Terence hits you with a +2 falchion of draining.
You die...

$.. ####
###.####..
..........
.........#
.........#
.........#
.........#
......@..#
......†@.#
......)†.#
.$?......#
..........
........###
##.......
####.### #.


You could see Terence.

Vanquished Creatures
  Natasha (D:3)
  5 adders (D:2)
  A gnoll (D:1)
  A worm (D:2)
  A dart slug (D:1)
  4 endoplasms
  3 giant cockroaches
  4 hobgoblins
  7 jackals
  3 quokkas
  8 ball pythons
  4 bats
  5 goblins
  3 kobolds
  3 rats (D:1)
53 creatures vanquished.

Notes
Turn   | Place    | Note
-------+----------+-------------------------------------------
     0 | D:1      | Sin92 the Demonspawn Fighter began the quest for the Orb.
     0 | D:1      | Reached XP level 1. HP: 18/18 MP: 1/1
    25 | D:1      | Found a faded altar of an unknown god.
   258 | D:1      | Gained mutation: You are partially covered in icy blue
                  | scales. (AC +2) [demonic ancestry]
   258 | D:1      | Reached XP level 2. HP: 24/24 MP: 2/2
   604 | D:1      | Gained mutation: You are partially covered in sharp spines.
                  | [demonic ancestry]
   604 | D:1      | Reached XP level 3. HP: 29/29 MP: 3/3
  1122 | D:2      | Reached skill level 1 in Dodging
  1156 | D:2      | Gained mutation: You have a pair of small horns on your
                  | head. [demonic ancestry]
  1156 | D:2      | Reached XP level 4. HP: 32/35 MP: 4/4
  1927 | D:3      | Noticed Natasha
  1927 | D:3      | Noticed Terence
  1939 | D:3      | Killed Natasha
  1940 | D:3      | Reached XP level 5. HP: 3/37 MP: 5/5
  1941 | D:3      | Slain by Terence

Illustrated notes

Levels and vault maps discovered:
D:1:      ncdulo_smallfort, layout_basic, basic_ecumenical_altar,
          minmay_bisected
D:2:      layout_basic, minmay_misc_feat_rows, kennysheep_nondescript
D:3:      layout_basic, gammafunk_ghost_necromancy, minmay_vboxes, uniq_natasha,
          uniq_terence

Skill      XL: |  1  2  3  4 |
---------------+-------------+-----
Axes           | 2 3 |  3.1
Armour         | 3 |  3.2
Shields        | 3 |  3.2
Dodging        | 1 |  1.2
Fighting       | |  3.6

Action                   |  1- 3 |  4- 6 || total
-------------------------+-------+-------++-------
Melee: War axe           |    79 |    38 ||   117
       Headbutt          |       |     4 ||     4
  Use: Scroll            |       |     3 ||     3
       Potion            |       |     1 ||     1
Armor: Scale mail        |    61 |    19 ||    80
Dodge: Dodged            |    32 |     8 ||    40
Block: Kite shield       |    53 |    19 ||    72

Table legend: (Time is in decaauts)
 A = Elapsed time spent in this place.
 B = Non-inter-level travel time spent in this place.
 C = Inter-level travel time spent in this place.
 D = Time resting spent in this place.
 E = Time spent auto-exploring this place.
 F = Levels seen in this place.
 G = Mean time per level.
                   A        B        C        D        E       F      G
               +--------+--------+--------+--------+--------+-----+--------+
         Total |   2012 |   1970 |     42 |      0 |   1675 |   3 |  670.7 |
       Dungeon |   2012 |   1970 |     42 |      0 |   1675 |   3 |  670.7 |
               +--------+--------+--------+--------+--------+-----+--------+

Top non-repeatable levels by time:
     D:2: 1178 daAuts
     D:1: 813 daAuts
     D:3: 19 daAuts
